 Dungeon Crawl Stone Soup version 0.31-a0-230-g09eb5fc4d3 (webtiles) character file.

Game seed: 11438298055006548528

388 qw the Shooter (level 6, -16/37 HPs)
             Began as a Gargoyle Hexslinger on July 6, 2023.
             Demolished by an ogre
             ... wielding a +0 giant spiked club
              (30 damage)
             ... on level 5 of the Dungeon.
             The game lasted 00:01:35 (3249 turns).

qw the Shooter (Gargoyle Hexslinger)                Turns: 3249, Time: 00:01:36

Health: -16/37     AC: 15    Str: 12    XL:     6   Next: 79%
Magic:  7/7        EV: 11    Int: 13    God:
Gold:   30         SH:  0    Dex: 14    Spells: 6/7 levels left

rFire   . . .        Y - +2 sling
rCold   . . .        (no shield)
rNeg    + . .        f - +3 leather armour of the Fisher {+Inv}
rPois   inf          e - +0 helmet
rElec   +            o - +0 cloak
rCorr   +            b - +0 pair of gloves
SInv    .            d - +0 pair of boots
Will    +....        a - amulet of the acrobat
Stlth   +            i - ring of willpower
HPRegen 0.26/turn    m - ring of resist corrosion
MPRegen 0.10/turn

%: acrobat
@: no status effects
A: sickness immunity, AC +4, negative energy resistance 1, electricity
resistance, torment resistance 1, petrification resistance
a: Evoke Invisibility


You were on level 5 of the Dungeon.
You visited 1 branch of the dungeon, and saw 5 of its levels.

You collected 205 gold pieces.
You spent 175 gold pieces at shops.


Innate Abilities, Weirdness & Mutations

You are immune to sickness and miasma.
Your stone body is resilient. (AC +4)
You are immune to poison.
You resist negative energy. (rN+)
You are resistant to electric shocks. (rElec)
You are resistant to unholy torment.
You are immune to petrification.


   Skills:
 - Level 3.6 Fighting
 + Level 5.3 Ranged Weapons
 - Level 3.0 Armour
 - Level 1.5 Dodging
 - Level 1.0 Spellcasting
 - Level 2.6 Hexes


You had 6 spell levels left.
You knew the following spells:

 Your Spells              Type           Power      Damage    Failure   Level
a - Slow                  Hex            28%        N/A       12%         1

Your spell library contained the following spells:

 Spells                   Type           Power      Damage    Failure   Level
 Inner Flame              Hex/Fire       4%         N/A       52%         3
 Portal Projectile        Hex/Tloc       8%         N/A       52%         3
 Cause Fear               Hex            3%         N/A       75%         4

Inventory:

Hand Weapons
 Y - a +2 sling (weapon)
Armour
 b - a +0 pair of gloves (worn)
 d - a +0 pair of boots (worn)
 e - a +0 helmet (worn)
 f - the +3 leather armour of the Fisher (worn) {+Inv}
   (You bought it in a shop on level 4 of the Dungeon)

   +Inv:      It lets you turn invisible.
 o - a +0 cloak (worn)
Jewellery
 a - an amulet of the acrobat (around neck)
 i - a ring of willpower (left hand)
 m - a ring of resist corrosion (right hand)
Scrolls
 c - 2 scrolls of identify
Potions
 g - a potion of cancellation
 h - 5 potions of heal wounds
 p - a potion of ambrosia {unknown}
 q - a potion of resistance {unknown}

Dungeon Overview and Level Annotations

Branches:
Dungeon (5/15)
 Temple: D:4-7

Altars:
Dithmenos
Hepliaklqana
Makhleb
Yredelemnul

Shops:
D:4 [

Annotations:
D:4 3 runed translucent doors, qw's ghost, amateur MiHs


Message History

A puff of flame appears from out of thin air!
The puff of flame hits you.
You shoot a sling bullet. Something hits you but does no damage.
You shoot a sling bullet.
You hear some strange, mumbled words.
A puff of flame appears from out of thin air!
The puff of flame misses you.
You hear some strange, mumbled words.
A magic dart appears from out of thin air!
The magic dart hits you but does no damage.
You shoot a sling bullet.
Reactivating autopickup.
You feel a bit more experienced.
You start resting.
HP restored.
Things that are here:
a +3 dagger; a +0 robe; an orc corpse An ogre comes into view.
It is wielding a +0 giant spiked club.
You shoot a sling bullet.
The sling bullet barely misses the ogre.
You shoot a sling bullet. The sling bullet hits the ogre.
The ogre is lightly wounded.
You shoot a sling bullet.
The sling bullet hits the ogre but does no damage.
The ogre is lightly wounded.
You shoot a sling bullet.
The sling bullet hits the ogre but does no damage.
The ogre is lightly wounded.
You shoot a sling bullet.
The sling bullet barely misses the ogre.
The ogre hits you with a +0 giant spiked club!!
Ouch! That really hurt!
You shoot a sling bullet. The sling bullet hits the ogre!
The ogre is moderately wounded.
You shoot a sling bullet. The sling bullet hits the ogre!
The ogre is severely wounded.
The ogre hits you with a +0 giant spiked club!!
Ouch! That really hurt!
You die...

#.......####
#.....)....#
#<....).##.#
####..).##.##
####..#..#
##..#.# ##.#.##
#....####
####.@O.###.#..
####.)......
##.##..## ...
.. .....
#.##..# .# .#
.# . ^.


You could see an ogre.

Vanquished Creatures
  A phantom (D:3)
  A scorpion (D:4)
  2 orc wizards
  Natasha (twice) (D:3)
  7 adders
  A worm (D:2)
  2 dart slugs
  10 orcs
  5 bats
  8 endoplasms
  5 giant cockroaches
  6 goblins
  6 hobgoblins
  6 quokkas
  6 ball pythons
  A frilled lizard (D:1)
  4 kobolds
  8 rats
81 creatures vanquished.

Notes
Turn   | Place    | Note
-------+----------+-------------------------------------------
     0 | D:1      | qw the Gargoyle Hexslinger began the quest for the Orb.
     0 | D:1      | Reached XP level 1. HP: 12/12 MP: 2/2
     0 | D:1      | 0 ||| qw: Version: 0.3-a-46-gb1f654a
     0 | D:1      | 0 ||| qw: Game counter: 1782
     0 | D:1      | 0 ||| qw: Melee chars always use a shield: true
     0 | D:1      | 0 ||| qw: God list: Okawaru
     0 | D:1      | 0 ||| qw: Allow faded altars: false
     0 | D:1      | 0 ||| qw: Do Orc after clearing Dungeon:15 true
     0 | D:1      | 0 ||| qw: Do second Lair branch before Depths: true
     0 | D:1      | 0 ||| qw: Lair rune preference: random
     0 | D:1      | 0 ||| qw: Goals: Normal
     0 | D:1      | 0 ||| PLANNING D:1-11
    78 | D:1      | 78 ||| FLEEEEING.
    79 | D:1      | 79 ||| FLEEEEING.
   129 | D:1      | Reached XP level 2. HP: 16/16 MP: 3/3
   349 | D:1      | Reached skill level 3 in Ranged Weapons
   605 | D:1      | 605 ||| UPGRADING to +0 leather armour.
   615 | D:1      | 615 ||| DROPPING +0 robe.
   616 | D:1      | 616 ||| DROPPING ring of magical power.
   617 | D:1      | 617 ||| UPGRADING to ring of willpower.
   618 | D:1      | 618 ||| DRINKING 4 dark potions.
   619 | D:1      | 619 ||| DROPPING scroll of poison.
   731 | D:2      | Reached XP level 3. HP: 21/21 MP: 4/4
   906 | D:2      | Reached XP level 4. HP: 26/26 MP: 5/5
  1043 | D:2      | 1043 ||| FLEEEEING.
  1044 | D:2      | 1044 ||| FLEEEEING.
  1045 | D:2      | 1045 ||| FLEEEEING.
  1083 | D:2      | Reached skill level 4 in Ranged Weapons
  1171 | D:2      | Found a burning altar of Makhleb.
  1330 | D:2      | 1330 ||| UPGRADING to +0 ring mail.
  1340 | D:2      | 1340 ||| DROPPING +0 leather armour.
  1341 | D:2      | 1341 ||| UPGRADING to ring of resist corrosion.
  1342 | D:2      | 1342 ||| READING scroll labelled CAOROBAPEYGH.
  1343 | D:2      | 1343 ||| READING scroll labelled ILUJOSTRUSY.
  1344 | D:2      | 1344 ||| READING scroll labelled OSSOIDYOPS.
  1376 | D:3      | Found a hazy altar of Hepliaklqana.
  1510 | D:3      | Noticed a phantom
  1525 | D:3      | Killed a phantom
  1526 | D:3      | Reached skill level 3 in Armour
  1526 | D:3      | Reached XP level 5. HP: 14/30 MP: 6/6
  1799 | D:3      | Noticed Natasha
  1804 | D:3      | Killed Natasha
  1821 | D:3      | 1821 ||| FLEEEEING.
  2047 | D:3      | Found a basalt altar of Yredelemnul.
  2068 | D:3      | Reached skill level 5 in Ranged Weapons
  2068 | D:3      | Reached XP level 6. HP: 35/35 MP: 7/7
  2185 | D:3      | Noticed Natasha
  2203 | D:3      | Killed Natasha
  2279 | D:3      | 2279 ||| UPGRADING to +0 pair of gloves.
  2284 | D:3      | 2284 ||| UPGRADING to +0 pair of boots.
  2289 | D:3      | 2289 ||| UPGRADING to +0 helmet.
  2294 | D:3      | 2294 ||| UPGRADING to amulet of the acrobat.
  2299 | D:3      | 2299 ||| READING scroll labelled DUMAWU VIPTIGI.
  2300 | D:3      | 2300 ||| DRINKING 2 grey potions.
  2301 | D:3      | 2301 ||| READING 2 scrolls of identify.
  2301 | D:3      | 2301 ||| IDENTIFYING red potion
  2302 | D:3      | 2302 ||| DROPPING potion of magic.
  2303 | D:3      | 2303 ||| DROPPING potion of invisibility.
  2383 | D:4      | Found Imui's Antique Armour Emporium.
  2402 | D:4      | 2402 ||| BUYING diamond-encrusted leather armour (175
                  | gold).
  2402 | D:4      | Bought a diamond-encrusted leather armour for 175 gold
                  | pieces
  2402 | D:4      | Identified the +3 leather armour of the Fisher {+Inv} (You
                  | bought it in a shop on level 4 of the Dungeon)
  2402 | D:4      | 2402 ||| SHOPLISTING encrusted ring mail (225 gold, have
                  | 6).
  2402 | D:4      | 2402 ||| SHOPLISTING pitted cloak (237 gold, have 6).
  2402 | D:4      | 2402 ||| SHOPLISTING runed ring mail (175 gold, have 6).
  2541 | D:4      | Reached skill level 3 in Fighting
  2608 | D:4      | Found a runed translucent gate.
  2608 | D:4      | Found a runed translucent gate.
  2608 | D:4      | Found a runed translucent gate.
  2608 | D:4      | Noticed qw's ghost (amateur MiHs)
  2821 | D:4      | Found a shadowy altar of Dithmenos.
  3025 | D:4      | 3025 ||| UPGRADING to +3 leather armour of the Fisher
                  | {+Inv}.
  3035 | D:4      | 3035 ||| DROPPING +0 ring mail.
  3036 | D:4      | 3036 ||| UPGRADING to +0 cloak.
  3041 | D:4      | 3041 ||| READING 5 scrolls of identify.
  3041 | D:4      | 3041 ||| IDENTIFYING sedimented golden potion
  3042 | D:4      | 3042 ||| READING 4 scrolls of identify.
  3042 | D:4      | 3042 ||| IDENTIFYING glowing amethyst potion
  3043 | D:4      | 3043 ||| READING 3 scrolls of identify.
  3043 | D:4      | 3043 ||| IDENTIFYING murky cyan potion
  3044 | D:4      | 3044 ||| READING 2 scrolls of identify.
  3044 | D:4      | 3044 ||| IDENTIFYING pink potion
  3045 | D:4      | 3045 ||| DROPPING potion of attraction.
  3046 | D:4      | 3046 ||| DROPPING potion of degeneration.
  3094 | D:5      | Entered Level 5 of the Dungeon
  3137 | D:5      | 3137 ||| FLEEEEING.
  3138 | D:5      | 3138 ||| FLEEEEING.
  3139 | D:5      | 3139 ||| FLEEEEING.
  3140 | D:5      | 3140 ||| FLEEEEING.
  3141 | D:5      | 3141 ||| FLEEEEING.
  3142 | D:5      | 3142 ||| FLEEEEING.
  3143 | D:5      | 3143 ||| FLEEEEING.
  3144 | D:5      | 3144 ||| FLEEEEING.
  3145 | D:5      | 3145 ||| FLEEEEING.
  3146 | D:5      | 3146 ||| FLEEEEING.
  3147 | D:5      | 3147 ||| DRINKING potion of curing.
  3147 | D:5      | 3147 ||| (to cure confusion)
  3249 | D:5      | Demolished by an ogre

Levels and vault maps discovered:
D:1:      amcnicky_arrival_underground_garden, layout_basic, nrook_campfire
D:2:      layout_loops_ring, basic_altar, minmay_circle_x
D:3:      layout_loops_cross, nzn_hepliaklqana_mist_gate,
          mainiacjoe_overflow_small_starburst, uniq_natasha
D:4:      layout_loops_ring, lemuel_crystal_altar, serial_shops, shop,
          gammafunk_ghost_nasty_kobolds
D:5:      layout_rooms, minmay_temple_entry_proselytizer, uniq_edmund

Skill      XL: |  1  2  3  4  5  6 |
---------------+-------------------+-----
Ranged Weapons | 3 4 5 |  5.3
Fighting       | 2 3 |  3.6
Armour         | 3 |  3.0
Dodging        | |  1.5
Spellcasting   | |  1.0
Hexes          | |  2.6

Action                     |  1- 3 |  4- 6 || total
---------------------------+-------+-------++-------
   Fire: Sling             |   102 |   248 ||   350
    Use: Potion            |     1 |     2 ||     3
         Scroll            |       |     9 ||     9
 Armour: Robe              |     4 |       ||     4
         Leather armour    |    35 |    46 ||    81
         Ring mail         |       |    34 ||    34
  Dodge: Dodged            |    65 |    85 ||   150

Table legend:
 A = Non-vault XP
 B = Vault XP
 C = Vault XP percentage of total XP
 D = Non-vault monster count
 E = Vault monster count
 F = Vault count percentage of total count
                 A         B        C        D         E       F
            +---------+---------+-------+---------+---------+-------
      Total |     484 |      71 |  12.8 |      73 |       8 |   9.9
            +---------+---------+-------+---------+---------+-------
        D:1 |      21 |       0 |   0.0 |      11 |       0 |   0.0
        D:2 |      72 |      35 |  32.7 |      26 |       7 |  21.2
        D:3 |     210 |      36 |  14.6 |      20 |       1 |   4.8
        D:4 |     136 |       0 |   0.0 |      12 |       0 |   0.0
        D:5 |      45 |       0 |   0.0 |       4 |       0 |   0.0
            +---------+---------+-------+---------+---------+-------
